 Dungeon Crawl Stone Soup version 0.25-a0-635-g0c6c292 (webtiles) character file.

Game seed: 5162194155311376141, levelgen mode: deterministic

9342 Berder the Nimble (level 11, -14/74 HPs)
             Began as a Kobold Warper on Mar 20, 2020.
             Was a Priest of Kikubaaqudgha.
             Killed from afar by Nergalle (41 damage)
             ... with a bolt of negative energy
             ... on level 10 of the Dungeon.
             The game lasted 00:56:09 (15810 turns).

Berder the Nimble (Kobold Warper)                  Turns: 15810, Time: 00:56:10

Health: -14/74     AC:  6    Str:  8    XL:     11   Next: 72%
Magic:  14/14      EV: 24    Int: 15    God:    Kikubaaqudgha [***...]
Gold:   382        SH:  0    Dex: 21    Spells: 5/14 levels left

rFire    . . .     SeeInvis .   a - +4 short sword
rCold    . . .     Gourm    .   (shield restricted)
rNeg     . . .     Faith    .   J - +0 leather armour of the Moon {+Blink MR+ Dex+3 Stlth+} (curse)
rPois    +         Spirit   .   w - +0 helmet
rElec    .         Reflect  .   S - +0 cloak
rCorr    .         Harm     .   (no gloves)
MR       +....                  (no boots)
Stlth    ++++......             (no amulet)
HPRegen  0.22/turn              n - ring of poison resistance
MPRegen  0.14/turn              C - +1 ring of protection

@: drained
A: small, carnivore
a: Receive Corpses, Renounce Religion, Evoke Blink


You were on level 10 of the Dungeon.
You worshipped Kikubaaqudgha.
Kikubaaqudgha was most pleased with you.
You were full.

You visited 2 branches of the dungeon, and saw 11 of its levels.

You collected 571 gold pieces.
You spent 189 gold pieces at shops.

Inventory:

Hand Weapons
 a - a +4 short sword (weapon)
 b - a +3 shortbow
 g - a +1 mace of protection
 k - a +0 spear
 o - a +0 short sword
 z - a +0 mace of protection
 O - a +0 vorpal morningstar
Missiles
 c - 10 poisoned darts (quivered)
 e - 60 sling bullets
 h - 254 stones
 j - 135 arrows
 I - 14 boomerangs
 M - 5 atropa-tipped darts
Armour
 r - a scarf of repulsion
 t - a +0 hat
 w - a +0 helmet (worn)
 A - a +0 ring mail
 J - the cursed +0 leather armour of the Moon (worn) {+Blink MR+ Dex+3 Stlth+}
   (You bought it in a shop on level 4 of the Dungeon)

   It affects your dexterity (+3).
   It affects your resistance to hostile enchantments.
   It lets you blink.
   It makes you more stealthy.
   It has a curse placed upon it.
 N - a +0 leather armour
 S - a +0 cloak (worn)
 U - a +0 troll leather armour
 V - a +2 robe of cold resistance
Magical Staves
 i - an uncursed staff of air
 F - an uncursed staff of poison
Jewellery
 n - a ring of poison resistance (left hand)
 s - an uncursed ring of see invisible
 C - a +1 ring of protection (right hand)
 T - an uncursed ring of ice
 X - an uncursed ring of magical power
Wands
 u - a wand of random effects (22)
 K - a wand of paralysis (10)
 L - a wand of polymorph (6)
Scrolls
 d - 2 scrolls of blinking
 l - 2 scrolls of magic mapping
 p - 5 scrolls of remove curse
 v - a scroll of amnesia
 x - a scroll of teleportation
 y - a scroll of enchant weapon
 E - a scroll of fog
 H - 4 scrolls of identify
 Q - 2 scrolls of summoning
Potions
 m - 2 potions of heal wounds
 q - 2 potions of curing
 B - a potion of invisibility
 D - 2 potions of lignification
 G - 2 potions of stabbing
 R - a potion of ambrosia {unknown}
Comestibles
 f - 12 rations
 W - 13 chunks of flesh


   Skills:
 + Level 11.2(10.0) Fighting
 - Level 10.0(8.8) Short Blades
 - Level 1.1(0.2) Throwing
 - Level 0.7(0.0) Armour
 + Level 12.0(10.8) Dodging
 - Level 6.0(5.0) Stealth
 - Level 2.1(1.2) Spellcasting
 - Level 5.1(4.1) Necromancy
 - Level 3.0(2.0) Translocations
 + Level 2.2(1.3) Evocations


You had 5 spell levels left.
You knew the following spells:

 Your Spells              Type           Power        Failure   Level  Hunger
a - Blink                 Tloc           N/A          22%         2    ###....
b - Shroud of Golubria    Chrm/Tloc      #.....       34%         2    ###....
c - Teleport Other        Tloc           #.......     41%         3    ####...
d - Animate Skeleton      Necr           N/A          7%          1    ##.....
e - Pain                  Necr           ##..         7%          1    ##.....

Your spell library contained the following spells:

 Spells                   Type           Power        Failure   Level  Hunger
 Sublimation of Blood     Necr           ##........   10%         2    ###....
 Vampiric Draining        Necr           ##........   21%         3    ####...
 Infusion                 Chrm           #...         34%         1    ##.....
 Gell's Gravitas          Tloc           #.........   41%         3    ####...
 Lesser Beckoning         Tloc           #.........   41%         3    ####...
 Song of Slaying          Chrm           #.......     47%         2    ###....
 Dispel Undead            Necr           ##......     54%         4    #####..
 Ozocubu's Armour         Chrm/Ice       #.......     71%         3    ####...
 Spectral Weapon          Hex/Chrm       #.......     71%         3    ####...
 Passage of Golubria      Tloc           N/A          83%         4    #####..
 Agony                    Necr           ##......     88%         5    ######.
 Borgnjor's Vile Clutch   Necr/Erth      #.........   99%         5    ######.
 Death Channel            Necr           ##........   100%        6    #######
 Simulacrum               Ice/Necr       #.........   100%        6    #######


Dungeon Overview and Level Annotations

Branches:
Dungeon (10/15)            Temple (1/1) D:4            Lair (0/6) D:10
    Orc: D:9-12

Altars:
Ashenzari
Cheibriados
Elyvilon
Fedhas
Gozag
Hepliaklqana
Kikubaaqudgha
Makhleb
Nemelex Xobeh
Okawaru
Qazlal
Ru
Sif Muna
Trog
Uskayaw
Vehumet
Wu Jian
Xom
Yredelemnul
Zin
The Shining One

Shops:
D:4 [

Annotations:
D:2 Natasha
D:3 3 runed translucent doors, 1 exclusion, Heh's ghost, amateur OpHu; ToBoldlyKo's ghost, amateur KoFi
D:7 2 transporters, Rydian's ghost, novice MfIE
D:9 1 transporter
D:10 Nergalle


Innate Abilities, Weirdness & Mutations

You are small and have problems with some larger weapons.
You are carnivorous and can eat meat at any time.


Message History

a +0 short sword; 3 chunks of flesh; an orc skeleton You puncture the quokka!
You kill the quokka!
Kikubaaqudgha accepts your kill.
Nergalle points at you and mumbles some strange words.
The bolt of negative energy misses you.
The bolt of negative energy hits your orc warrior skeleton.
Your orc warrior skeleton completely resists.
Quiver which item? (- for none, * to show all) (? for menu, Esc to quit)
Okay, then.
Quiver which item? (- for none, * to show all) (? for menu, Esc to quit)
Quivering
M - 7 atropa-tipped darts for throwing.
Throwing (i - inventory. (/) - cycle)
M - 7 atropa-tipped darts (quivered)
Press: ? - help, Shift-Dir - straight line, f - Nergalle
Aim: Nergalle, wielding a +0 dagger and wearing a +0 robe (chance to blind on hit: 3%)
You throw an atropa-tipped dart.
The atropa-tipped dart barely misses Nergalle.
Nergalle casts a spell at you. The bolt of negative energy misses you.
The bolt of negative energy hits your orc warrior skeleton.
Your orc warrior skeleton completely resists.
Throwing (i - inventory. (/) - cycle)
M - 6 atropa-tipped darts (quivered)
Press: ? - help, Shift-Dir - straight line, f/p - Nergalle
Aim: Nergalle, wielding a +0 dagger and wearing a +0 robe (chance to blind on hit: 3%)
You throw an atropa-tipped dart. The atropa-tipped dart hits Nergalle.
Nergalle resists.
Nergalle gestures at you while chanting.
The bolt of negative energy hits your orc wizard skeleton.
Your orc wizard skeleton completely resists.
The bolt of negative energy misses you.
The bolt of negative energy hits your orc warrior skeleton.
Your orc warrior skeleton completely resists.
Your orc wizard skeleton hits Nergalle but does no damage.
Nergalle casts a spell at you.
Orcish apparitions take form around you.
You hit Nergalle.
Nergalle is lightly wounded.
Unknown command.
You hit Nergalle but do no damage.
Nergalle is lightly wounded.
The spectral orc closely misses you.
Your orc wizard skeleton hits Nergalle but does no damage.
Nergalle misses you.
You barely miss Nergalle.
Nergalle is lightly wounded.
You barely miss Nergalle.
Nergalle is lightly wounded.
The spectral orc warrior completely misses you.
Nergalle misses you. The spectral orc misses you.
Your orc wizard skeleton hits Nergalle but does no damage.
You hit Nergalle but do no damage.
Nergalle is lightly wounded.
Nergalle points at the spectral orc warrior and mumbles some strange words.
The spectral orc warrior seems to speed up.
You hit Nergalle.
Nergalle is lightly wounded.
The spectral orc warrior closely misses you.
The spectral orc misses you.
Your orc wizard skeleton hits Nergalle but does no damage.
You hit Nergalle.
Nergalle is moderately wounded.
The spectral orc warrior hits you with a +0 long sword.
Nergalle barely misses you.
You hit Nergalle.
Nergalle is moderately wounded.
The spectral orc hits you but does no damage.
The spectral orc warrior completely misses you.
Your orc wizard skeleton hits Nergalle but does no damage.
You hit Nergalle but do no damage.
Nergalle is moderately wounded.
Nergalle completely misses you. The spectral orc completely misses you.
You hit Nergalle but do no damage.
Nergalle is moderately wounded.
The spectral orc warrior hits you with a +0 long sword.
Your orc wizard skeleton hits Nergalle but does no damage.
Nergalle hits you but does no damage.
You closely miss Nergalle.
Nergalle is moderately wounded.
The spectral orc warrior barely misses you.
The spectral orc completely misses you.
You hit Nergalle.
Nergalle is moderately wounded.
The spectral orc warrior completely misses you.
Nergalle barely misses you.
Your orc wizard skeleton barely misses Nergalle.
You hit Nergalle.
Nergalle is moderately wounded.
The spectral orc barely misses you.
You completely miss Nergalle.
Nergalle is moderately wounded.
The spectral orc warrior misses you. Nergalle hits you but does no damage.
Your orc wizard skeleton closely misses Nergalle.
You closely miss Nergalle.
Nergalle is moderately wounded.
The spectral orc warrior hits you with a +0 long sword.
You feel drained. The spectral orc closely misses you.
Nergalle barely misses you.
You hit Nergalle.
Nergalle is moderately wounded.
The spectral orc warrior closely misses you.
Your orc wizard skeleton hits Nergalle but does no damage.
You hit Nergalle.
Nergalle is heavily wounded.
The spectral orc hits you from afar with a +0 trident.
Nergalle points at you and mumbles some strange words.
Orcish apparitions take form around you.
The spectral orc warrior barely misses you.
You hit Nergalle but do no damage.
Nergalle is heavily wounded.
Your orc wizard skeleton closely misses Nergalle.
The spectral orc hits you from afar with a +0 trident.
Nergalle misses you.
You hit Nergalle but do no damage.
Nergalle is heavily wounded.
The spectral orc warrior misses you.
The spectral orc warrior hits you with a +0 dire flail.
You hit Nergalle but do no damage.
Nergalle is heavily wounded.
The spectral orc warrior barely misses you.
Your orc wizard skeleton misses Nergalle.
The spectral orc completely misses you.
Nergalle gestures at you while chanting.
Orcish apparitions take form around you.
Quiver which item? (- for none, * to show all) (? for menu, Esc to quit)
Quivering
P - 2 throwing nets for throwing.
Throwing (i - inventory. (/) - cycle)
P - 2 throwing nets (quivered)
Press: ? - help, Shift-Dir - straight line, f/p - Nergalle
Aim: Nergalle, wielding a +0 dagger and wearing a +0 robe (heavily wounded)
You throw a throwing net.
The throwing net closely misses Nergalle.
The spectral orc warrior completely misses you.
The spectral orc warrior misses you. Nergalle hits you with a +0 dagger.
Your orc wizard skeleton closely misses Nergalle.
The spectral orc closely misses you.
The spectral orc barely misses your orc warrior skeleton.
Throwing (i - inventory. (/) - cycle)
P - a throwing net (quivered)
Press: ? - help, Shift-Dir - straight line, f/p - Nergalle
Aim: Nergalle, wielding a +0 dagger and wearing a +0 robe (heavily wounded)
You throw a throwing net. The throwing net hits Nergalle.
Nergalle is caught in the net!
Nergalle is heavily wounded.
The spectral orc warrior misses you.
The spectral orc warrior hits you with a +0 dire flail.
Nergalle struggles against the net.
The spectral orc warrior misses you. The spectral orc closely misses you.
You hit Nergalle.
Nergalle is heavily wounded.
The spectral orc hits your orc warrior skeleton but does no damage.
The spectral orc barely misses you.
Your orc wizard skeleton hits Nergalle but does no damage.
The spectral orc warrior misses you.
Your orc warrior skeleton hits the spectral orc with a +0 flail.
You hit Nergalle but do no damage.
Nergalle is heavily wounded.
The spectral orc warrior completely misses you.
Nergalle casts a spell at you. The bolt of negative energy misses you.
Nergalle struggles against the net.
The spectral orc barely misses you.
The spectral orc hits your orc warrior skeleton.
The spectral orc completely misses you.
You hit Nergalle but do no damage.
Nergalle is heavily wounded.
The spectral orc warrior closely misses you.
The spectral orc warrior misses you.
Your orc wizard skeleton hits Nergalle with a cursed +0 dagger.
You puncture Nergalle!
Nergalle is severely wounded.
Your orc warrior skeleton hits the spectral orc with a +0 flail.
The spectral orc is destroyed!
The spectral orc closely misses you. The spectral orc barely misses you.
The spectral orc warrior closely misses you.
You hit Nergalle but do no damage.
Nergalle is severely wounded.
The spectral orc warrior hits you with a +0 dire flail!
Your orc wizard skeleton hits Nergalle but does no damage.
Nergalle struggles against the net.
The orc priest calls upon Beogh to heal Nergalle.
Nergalle is healed somewhat.
You catch the helpless Nergalle completely off-guard!
You impale Nergalle!!
Nergalle is almost dead.
The spectral orc warrior misses you. The spectral orc completely misses you.
The spectral orc closely misses you.
The spectral orc warrior completely misses you.
You hit Nergalle but do no damage.
Nergalle is almost dead.
Nergalle struggles against the net.
The spectral orc warrior barely misses you.
Your orc wizard skeleton hits Nergalle but does no damage.
The spectral orc completely misses you.
You hit Nergalle.
Nergalle is almost dead.
The spectral orc hits you from afar with a +0 trident!
The spectral orc warrior completely misses you.
The spectral orc warrior misses you. Nergalle casts a spell at you.
The bolt of negative energy hits you!!!
You feel drained.
Ouch! That really hurt!
You die...
Kikubaaqudgha rasps: "You have failed me!
Welcome... death!"

..§#.##.#####..≈8≈≈≈≈≈≈≈≈≈≈≈≈≈≈≈≈
.§.'.##.#......8≈≈≈≈≈≈Z≈≈≈≈≈≈≈≈≈≈
..O'......# #...)).Z(Z.ZZ.......)
..≈#.##..<# #...Z########.##.####
.. #.####.###.### #..Z.# ≈
#.####[....######### ####.##
####........Z)o.Z.....#######.##
#.#.#####.#.###oZZ...).....Z...#
.##. #.#.# #Z@####.#######.#.# ##
. #.#.# #ZZ# #.# ....# # #.#.#
#.Z# #.# #.### ## #####.#.###..#
#.# #.# # .# #........#...# #.#
#.. # .# #.#.#.##.#.#.# #.# ### #
.##.#.#.#.##.#.#.# #.# #
##......#.#....#># #.# # #
..........#..#.# #.# # ###


You could see Nergalle (caught), 2 spectral orcs, 3 spectral orc warriors, an
orc priest, a friendly orc warrior skeleton and a friendly orc wizard skeleton.

Vanquished Creatures
  Harold (D:7)
  Fannar (D:10)
  A two-headed ogre (D:8)
  A troll (D:9)
  Grinder (D:3)
  Prince Ribbit (D:6)
  6 hippogriffs
  5 yaks (D:10)
  2 hungry ghosts
  Edmund (D:6)
  2 porcupines (D:10)
  Purgy (D:3)
  A black bear (D:9)
  4 orc warriors
  2 phantoms
  3 sky beasts
  A necrophage (D:5)
  2 ice beasts
  5 ogres
  A centaur (D:8)
  3 crocodiles (D:10)
  5 bullfrogs
  A water moccasin skeleton (D:7)
  A wyvern skeleton (D:8)
  4 scorpions
  5 killer bees (D:8)
  An electric eel (D:9)
  5 howler monkeys
  6 crimson imps
  3 hounds
  4 orc priests
  2 iguanas
  5 orc wizards
  Jessica (D:2)
  A bullfrog skeleton (D:8)
  7 worker ants
  2 hound skeletons
  A howler monkey zombie (D:7)
  2 worker ant zombies (D:5)
  Robin (D:4)
  13 gnolls
  6 adders
  A shadow imp (D:8)
  2 oozes
  An adder zombie (D:8)
  2 worms
  A dart slug (D:3)
  6 leopard geckos
  24 orcs
  4 giant cockroaches
  14 goblins
  12 hobgoblins
  18 jackals
  3 quokkas
  2 ball pythons
  6 bats
  4 frilled lizards
  13 kobolds
  A quokka skeleton (D:8)
  6 rats
241 creatures vanquished.

Vanquished Creatures (collateral kills)
  3 orc warriors (D:10)
  3 orcs (D:10)
6 creatures vanquished.

Vanquished Creatures (others)
  3 bushes (D:10)
  4 fungi (D:10)
  27 plants (D:10)
34 creatures vanquished.

Grand Total: 281 creatures vanquished

Notes
Turn   | Place    | Note
-------+----------+-------------------------------------------
     0 | D:1      | Berder the Kobold Warper began the quest for the Orb.
     0 | D:1      | Reached XP level 1. HP: 12/12 MP: 3/3
   106 | D:1      | Reached skill level 1 in Stealth
   618 | D:1      | Reached XP level 2. HP: 17/17 MP: 5/5
  1014 | D:1      | Reached XP level 3. HP: 21/21 MP: 6/6
  1234 | D:1      | Learned a level 2 spell: Blink
  1237 | D:1      | Learned a level 2 spell: Shroud of Golubria
  1884 | D:2      | Reached skill level 5 in Stealth
  1884 | D:2      | Reached XP level 4. HP: 26/26 MP: 7/7
  2142 | D:2      | Noticed Natasha
  3017 | D:2      | Noticed Jessica
  3033 | D:2      | Killed Jessica
  3033 | D:2      | Reached XP level 5. HP: 25/31 MP: 8/8
  3454 | D:3      | Found a shimmering blue altar of Sif Muna.
  3829 | D:3      | Noticed Purgy
  4047 | D:3      | Reached skill level 3 in Dodging
  4075 | D:3      | Found a runed translucent gate.
  4075 | D:3      | Found a runed translucent gate.
  4075 | D:3      | Noticed ToBoldlyKo's ghost (amateur KoFi)
  4076 | D:3      | Found a runed translucent gate.
  4076 | D:3      | Noticed Heh's ghost (amateur OpHu)
  4141 | D:3      | Reached XP level 6. HP: 37/37 MP: 7/9
  4827 | D:3      | Noticed Grinder
  4843 | D:2      | Learned a level 3 spell: Teleport Other
  5105 | D:4      | Found Vucohami's Antique Armour Shop.
  5107 | D:4      | Noticed an ogre
  5127 | D:4      | Killed an ogre
  5182 | D:4      | Reached skill level 5 in Short Blades
  5182 | D:4      | Reached XP level 7. HP: 40/42 MP: 10/10
  5292 | D:4      | Found a staircase to the Ecumenical Temple.
  5303 | D:4      | Reached skill level 4 in Dodging
  5325 | Temple   | Entered the Ecumenical Temple
  5398 | Temple   | Became a worshipper of Kikubaaqudgha
  5421 | D:4      | Noticed Robin
  5459 | D:4      | Killed Robin
  5989 | D:5      | Entered Level 5 of the Dungeon
  6405 | D:5      | Reached skill level 1 in Necromancy
  6848 | D:5      | Reached XP level 8. HP: 42/48 MP: 11/11
  7297 | D:6      | Reached skill level 5 in Dodging
  7354 | D:6      | Noticed Edmund
  7415 | D:6      | Killed Edmund
  7628 | D:6      | Reached skill level 5 in Fighting
  7879 | D:6      | Noticed Prince Ribbit
  7906 | D:5      | Reached * piety under Kikubaaqudgha
  7906 | D:5      | Identified Kikubaaqudgha's Compendium of Dark Rites
                  | (Kikubaaqudgha gifted it to you on level 5 of the Dungeon)
  7906 | D:5      | Received a gift from Kikubaaqudgha
  7912 | D:5      | Learned a level 1 spell: Animate Skeleton
  8147 | D:7      | Noticed a hippogriff
  8167 | D:6      | Killed a hippogriff
  8167 | D:6      | Reached XP level 9. HP: 26/54 MP: 12/12
  8334 | D:7      | Noticed a hippogriff
  8463 | D:7      | Reached skill level 6 in Dodging
  8647 | D:7      | Found a shattered altar of Ashenzari.
  8829 | D:7      | Killed a hippogriff
  9144 | D:6      | Killed Prince Ribbit
  9262 | D:7      | Found a snail-covered altar of Cheibriados.
  9264 | D:7      | Found a hide-covered altar of Uskayaw.
  9269 | D:7      | Found an iron altar of Okawaru.
  9270 | D:7      | Found a radiant altar of Vehumet.
  9270 | D:7      | Found a sacrificial altar of Ru.
  9270 | D:7      | Found a bloodstained altar of Trog.
  9273 | D:7      | Found a blossoming altar of Fedhas.
  9274 | D:7      | Found a shimmering altar of Xom.
  9297 | D:7      | Found a white marble altar of Elyvilon.
  9720 | D:7      | Reached skill level 10 in Short Blades
  9906 | D:7      | Found a transporter.
  9910 | D:7      | Found a transporter.
  9911 | D:7      | Noticed Rydian's ghost (novice MfIE)
  9929 | D:7      | Noticed a queen bee
  9944 | D:7      | Noticed a hornet
 10538 | D:3      | Killed Grinder
 10538 | D:3      | Reached skill level 7 in Dodging
 10567 | D:3      | Killed Purgy
 10937 | D:4      | Bought a transparent leather armour for 189 gold pieces
 10947 | D:4      | Identified the cursed +0 leather armour of the Moon {+Blink
                  | MR+ Dex+3 Stlth+} (You bought it in a shop on level 4 of
                  | the Dungeon)
 11007 | D:8      | Found a basalt altar of Yredelemnul.
 11007 | D:8      | Noticed a two-headed ogre
 11062 | D:8      | Noticed Harold
 11148 | D:8      | Found a white marble altar of Elyvilon.
 11159 | D:8      | Reached XP level 10. HP: 59/61 MP: 13/13
 11655 | D:8      | Reached skill level 5 in Necromancy
 12233 | D:7      | Killed Harold
 12233 | D:7      | Reached skill level 9 in Dodging
 12451 | D:8      | Killed a two-headed ogre
 12842 | D:8      | Learned a level 1 spell: Pain
 13059 | D:9      | Reached skill level 10 in Dodging
 13209 | D:9      | Found a transporter.
 13488 | D:9      | Reached XP level 11. HP: 52/71 MP: 14/14
 13920 | D:10     | Entered Level 10 of the Dungeon
 14212 | D:10     | Noticed Fannar
 14286 | D:9      | Reached skill level 10 in Fighting
 14466 | D:10     | Reached ** piety under Kikubaaqudgha
 14466 | D:10     | Reached skill level 11 in Dodging
 14615 | D:10     | Noticed a two-headed ogre
 14621 | D:10     | Noticed Nergalle
 14668 | D:10     | Killed Fannar
 15289 | D:10     | Found a staircase to the Lair.
 15415 | D:10     | Reached skill level 1 in Evocations
 15492 | D:10     | Reached skill level 12 in Dodging
 15734 | D:10     | Reached *** piety under Kikubaaqudgha
 15734 | D:10     | Identified Kikubaaqudgha's Volume of Unholy Rites
                  | (Kikubaaqudgha gifted it to you on level 10 of the Dungeon)
 15734 | D:10     | Received a gift from Kikubaaqudgha
 15810 | D:10     | Killed from afar by Nergalle

Levels and vault maps discovered:
D:1:      dpeg_arrival_signposts, layout_basic
D:2:      layout_basic, uniq_jessica, uniq_natasha
D:3:      layout_basic, led_sif_book, nicolae_overflow_hidden_temple,
          gammafunk_ghost_cemetery, minmay_randomly_rotated_circles, uniq_purgy,
          uniq_grinder
D:4:      layout_rooms, minmay_temple_entry_statues_fountains, serial_shops,
          shop, uniq_robin
D:5:      layout_basic, first_ration, minmay_joined_circles
D:6:      layout_rooms, uniq_edmund, uniq_prince_ribbit1
D:7:      layout_loops_ring, minitemple, lemuel_doored_altar, elyvilon_altar_4,
          gammafunk_ghost_hive
D:8:      layout_basic, overflow_temple_1_default, basic_altar, uniq_harold
D:9:      gammafunk_jiyva_shrine, layout_loops_cross, kennysheep_minor_cross,
          hangedman_fish_farm, grunt_ministairs_1
D:10:     layout_loops_ring, minmay_lair_entry_grove, erik_orc_2,
          minmay_misc_feat_hallway, kennysheep_generic_room_5, uniq_nergalle,
          uniq_fannar
Temple:   compressed_dpeg_triangle_lava_temple

Skill      XL: |  1  2  3  4  5  6  7  8  9 10 11 |
---------------+----------------------------------+-----
Stealth        | 2 3 5 6 |  6.0
Short Blades   | 3 5 6 8 10 | 10.0
Dodging        | 3 4 5 7 10 12 | 12.0
Fighting       | 3 4 5 6 9 11 | 11.2
Necromancy     | 1 3 4 5 |  5.1
Evocations     | 2 |  2.2
Throwing       | |  1.1
Armour         | |  0.7
Spellcasting   | |  2.1
Translocations | |  3.0

Action                   |  1- 3 |  4- 6 |  7- 9 | 10-12 || total
-------------------------+-------+-------+-------+-------++-------
Melee: Short sword       |   105 |   217 |   377 |   643 ||  1342
 Fire: Shortbow          |       |       |       |     4 ||     4
Throw: Boomerang         |     4 |     1 |       |       ||     5
       Dart              |    23 |    54 |   100 |    52 ||   229
       Stone             |    15 |     3 |       |     1 ||    19
       Throwing net      |       |       |       |     6 ||     6
 Cast: Blink             |       |     6 |    19 |    10 ||    35
       Teleport Other    |       |     1 |       |       ||     1
       Animate Skeleton  |       |       |     3 |    14 ||    17
       Pain              |       |       |       |    26 ||    26
       Shroud of Golubri |       |       |       |     8 ||     8
Invok: Receive Corpses   |       |       |     2 |     1 ||     3
Evoke: Wand              |       |       |       |     2 ||     2
  Use: Potion            |       |     1 |       |       ||     1
       Scroll            |       |       |    14 |     1 ||    15
 Stab: Sleeping          |     3 |     7 |     7 |     6 ||    23
       Distracted        |       |     1 |       |     3 ||     4
       Held in net/web   |       |       |       |     5 ||     5
  Eat: Chunk             |    11 |    11 |    21 |    23 ||    66
Armor: Leather armour    |    16 |    43 |    11 |    36 ||   106
       Ring mail         |       |       |    47 |       ||    47
Dodge: Dodged            |    69 |   188 |   196 |   438 ||   891
       Deflected         |       |       |     3 |       ||     3

Table legend:
 A = Non-vault XP
 B = Vault XP
 C = Vault XP percentage of total XP
 D = Non-vault monster count
 E = Vault monster count
 F = Vault count percentage of total count
                 A         B        C        D         E       F
            +---------+---------+-------+---------+---------+-------
      Total |    7970 |    5376 |  40.3 |     186 |      61 |  24.7
            +---------+---------+-------+---------+---------+-------
        D:1 |      50 |       0 |   0.0 |      26 |       0 |   0.0
        D:2 |     116 |      37 |  24.2 |      24 |       1 |   4.0
        D:3 |     153 |     398 |  72.2 |      30 |      11 |  26.8
        D:4 |     240 |      34 |  12.4 |       7 |      11 |  61.1
        D:5 |     553 |     229 |  29.3 |       8 |      10 |  55.6
        D:6 |     553 |     442 |  44.4 |      13 |       2 |  13.3
        D:7 |    1113 |    1018 |  47.8 |      19 |       1 |   5.0
        D:8 |    1813 |       0 |   0.0 |      17 |       0 |   0.0
        D:9 |    1797 |       0 |   0.0 |      19 |       0 |   0.0
       D:10 |    1582 |    3218 |  67.0 |      23 |      25 |  52.1
            +---------+---------+-------+---------+---------+-------
